 Dungeon Crawl Stone Soup version 0.25-a0-425-g0e000e855e (webtiles) character file.

Game seed: 8975151768946997730, levelgen mode: deterministic

744 ReteAZ the Digger (level 7, -17/41 HPs)
             Began as an Octopode Earth Elementalist on Jan 24, 2020.
             Was an Initiate of Vehumet.
             Demolished by an orc warrior
             ... wielding a +0 battleaxe
              (18 damage)
             ... on level 6 of the Dungeon.
             The game lasted 00:12:21 (6238 turns).

ReteAZ the Digger (Octopode Earth Elementalist)     Turns: 6238, Time: 00:12:22

Health: -17/41     AC:  1    Str:  9    XL:     7   Next: 76%
Magic:  4/14       EV: 13    Int: 18    God:    Vehumet [......]
Gold:   273        SH:  2    Dex: 12    Spells: 11/15 levels left

rFire    . . .     SeeInvis .   (no weapon)
rCold    . . .     Gourm    .   (no shield)
rNeg     . . .     Faith    .   (helmet restricted)
rPois    .         Spirit   .   n - +2 amulet of reflection
rElec    .         Reflect  +   l - ring of flight
rCorr    .         Harm     .   (no ring)
MR       .....                  (no ring)
Stlth    +++.......             (no ring)
HPRegen  0.13/turn              (no ring)
MPRegen  0.14/turn              (no ring)
                                (no ring)
                                (no ring)

@: no status effects
A: almost no armour, stealthy swim, amphibious, 8 rings, constrict 8, camouflage
1, gelatinous body 1
a: Renounce Religion, Evoke Flight


You were on level 6 of the Dungeon.
You worshipped Vehumet.
Vehumet was noncommittal.
You were hungry.

You visited 2 branches of the dungeon, and saw 7 of its levels.

You collected 273 gold pieces.

Inventory:

Missiles
 b - 59 stones (quivered)
 f - 38 poisoned darts
 j - 5 curare-tipped darts
Jewellery
 l - a ring of flight (left tentacle)
 n - a +2 amulet of reflection (around mantle)
 r - an uncursed amulet of the acrobat {unknown}
Wands
 y - a wand of clouds (6)
Scrolls
 a - a scroll of fog {unknown}
 e - 4 scrolls of remove curse {unknown}
 g - a scroll of identify
 h - 2 scrolls of magic mapping {unknown}
 m - a scroll of enchant armour {unknown}
 q - 2 scrolls of teleportation {unknown}
 t - a scroll of amnesia {unknown}
 u - a scroll of enchant weapon {unknown}
 z - a scroll of fear {unknown}
Potions
 d - 2 potions of might
 i - a potion of resistance {unknown}
 k - 2 potions of invisibility {unknown}
 o - a potion of haste {unknown}
 p - a potion of ambrosia {unknown}
 s - a potion of curing {unknown}
 v - a potion of lignification {unknown}
 w - a potion of heal wounds {unknown}
Comestibles
 c - 6 rations


   Skills:
 - Level 2.0 Dodging
 - Level 2.6 Stealth
 + Level 4.7 Spellcasting
   Level 1.0 Transmutations
 * Level 7.5 Earth Magic


You had 11 spell levels left.
You knew the following spells:

 Your Spells              Type           Power        Failure   Level  Hunger
a - Sandblast             Erth           ####..       1%          1    None
b - Stone Arrow           Conj/Erth      ###...       9%          3    ###....

Your spell library contained the following spells:

 Spells                   Type           Power        Failure   Level  Hunger
 Passwall                 Tmut/Erth      ###.....     3%          2    #......
 Animate Skeleton         Necr           N/A          14%         1    None
 Apportation              Tloc           #.....       14%         1    None
 Corona                   Hex            #......      14%         1    None
 Magic Dart               Conj           #...         14%         1    None
 Shock                    Conj/Air       #...         14%         1    None
 Summon Small Mammal      Summ           #...         14%         1    None
 Lee's Rapid Deconstruct  Erth           ####......   17%         5    ######.
 Ensorcelled Hibernation  Hex/Ice        #.....       21%         2    #......
 Slow                     Hex            #.......     21%         2    #......
 Petrify                  Tmut/Erth      ###.....     24%         4    ####...
 Confusing Touch          Hex            #.......     38%         3    ###....
 Dazzling Flash           Conj/Hex       #.....       38%         3    ###....
 Mephitic Cloud           Conj/Pois/Air  #.......     38%         3    ###....
 Tukima's Dance           Hex            #.......     38%         3    ###....
 Fireball                 Conj/Fire      #.........   98%         5    ######.
 Discord                  Hex            #.........   100%        8    #######


Dungeon Overview and Level Annotations

Branches:
Dungeon (6/15)             Temple (1/1) D:5

Altars:
Ashenzari
Cheibriados
Fedhas
Makhleb
Nemelex Xobeh
Okawaru
Qazlal
Ru
Sif Muna
Vehumet
Xom
Yredelemnul
The Shining One

Shops:
D:5 =


Innate Abilities, Weirdness & Mutations

You cannot wear most types of armour.
You are very stealthy in the water. (Stealth+)
You are amphibious.
You can wear up to eight rings at the same time.
You can use your tentacles to constrict eight enemies at once.
Your skin changes colour to match your surroundings (Stealth+).
Your rubbery body absorbs attacks. (AC +1, EV +1)


Message History

Aiming: Sandblast (safe; 1% risk of failure)
Press: ? - help, Shift-Dir - straight line, f/p - orc warrior
Aim: an orc warrior, wielding a +0 battleaxe and wearing a +0 plate armour (severely wounded)
The blast of sand hits the orc warrior but does no damage.
The orc warrior is severely wounded.
b - 60 stones The orc warrior hits you with a +0 battleaxe!!
* * * LOW HITPOINT WARNING * * *
Casting: Sandblast (safe; 1% risk of failure)
Confirm with . or Enter, or press ? or * to list all spells.
Aiming: Sandblast (safe; 1% risk of failure)
Press: ? - help, Shift-Dir - straight line, f/p - orc warrior
Aim: an orc warrior, wielding a +0 battleaxe and wearing a +0 plate armour (severely wounded)
The blast of sand hits the orc warrior but does no damage.
The orc warrior is severely wounded.
b - 59 stones The orc hits you from afar with a cursed -1 trident!
* * * LOW HITPOINT WARNING * * *
The orc warrior hits you with a +0 battleaxe!!
You die...

.. .. .# #.
.##.# #. ....
#.#... #....
.#####...##.#
...)%oo..##.#
#@^##.#
#..##.#
####..##.#
#......#.#
#.#<...#.#
#.##..##.#
#.#..>...#
#.#.#.####
#.#.#.#


You could see an orc warrior and an orc.

Vanquished Creatures
  An ogre (D:5)
  A bullfrog (D:5)
  A scorpion (D:5)
  A crimson imp (D:5)
  A jelly (D:5)
  A hound (D:5)
  2 orc priests (D:4)
  3 orc wizards (D:4)
  2 worker ants
  A hound skeleton (D:4)
  A howler monkey zombie (D:5)
  10 adders
  A shadow imp (D:4)
  An ooze (D:3)
  An adder skeleton (D:4)
  5 dart slugs
  2 leopard geckos (D:4)
  11 orcs
  3 ball pythons
  4 giant cockroaches
  4 goblins
  11 hobgoblins
  17 jackals
  A quokka (D:4)
  8 bats
  7 frilled lizards
  9 kobolds
  10 rats
120 creatures vanquished.

Notes
Turn   | Place    | Note
-------+----------+-------------------------------------------
     0 | D:1      | ReteAZ the Octopode Earth Elementalist began the quest for
                  | the Orb.
     0 | D:1      | Reached XP level 1. HP: 11/11 MP: 3/3
   293 | D:1      | Reached XP level 2. HP: 17/17 MP: 3/5
   745 | D:1      | Reached XP level 3. HP: 21/21 MP: 6/6
  1060 | D:1      | Reached skill level 4 in Earth Magic
  1678 | D:2      | Reached XP level 4. HP: 10/27 MP: 3/8
  1936 | D:2      | Learned a level 3 spell: Stone Arrow
  2212 | D:2      | Found a burning altar of Makhleb.
  2346 | D:2      | Found a snail-covered altar of Cheibriados.
  2853 | D:2      | Reached XP level 5. HP: 31/31 MP: 6/9
  2933 | D:3      | Reached skill level 5 in Earth Magic
  3008 | D:3      | Found a faded altar of an unknown god.
  3392 | D:3      | Found a shattered altar of Ashenzari.
  3544 | D:4      | Found a sparkling altar of Nemelex Xobeh.
  3982 | D:4      | Reached XP level 6. HP: 30/36 MP: 11/11
  4041 | D:4      | Reached skill level 6 in Earth Magic
  4859 | D:5      | Entered Level 5 of the Dungeon
  4870 | D:5      | Reached XP level 7. HP: 41/41 MP: 8/13
  4994 | D:5      | Identified the Disquisition on Enchantment and Damage
                  | Dealing
  5034 | D:5      | Found a staircase to the Ecumenical Temple.
  5064 | Temple   | Entered the Ecumenical Temple
  5139 | Temple   | Became a worshipper of Vehumet
  5215 | D:5      | Reached skill level 7 in Earth Magic
  6065 | D:5      | Found Jumneino's Jewellery Shop.
  6238 | D:6      | HP: 1/41 [orc/cursed -1 trident (7)]
  6238 | D:6      | Demolished by an orc warrior

Levels and vault maps discovered:
D:1:      minmay_arrival_loop, layout_basic
D:2:      layout_basic, marbit_many_paths, lemuel_crystal_altar, first_ration
D:3:      kennysheep_big_flooded_room, layout_rooms,
          nicolae_overflow_crystal_walls, chequers_ecumenical_altar_grove
D:4:      layout_basic, nemelex_xobeh_ov_fountains_minmay
D:5:      cheibrodos_iron_armory, layout_basic, minmay_temple_entry_junction,
          serial_shops, kennysheep_mini, minmay_fractal_squares_gapless_5
D:6:      lemuel_ice_spiral_2, layout_basic, trog_eyes_of_draining,
          cheibrodos_sewer_entry_bend
Temple:   dpeg_three_leaves_temple

Skill      XL: |  1  2  3  4  5  6  7 |
---------------+----------------------+-----
Earth Magic    | 4 5 6 7 |  7.5
Spellcasting   | 3 4 |  4.7
Dodging        | |  2.0
Stealth        | |  2.6
Transmutations | |  1.0

Action                   |  1- 3 |  4- 6 |  7- 9 || total
-------------------------+-------+-------+-------++-------
Melee: Unarmed           |    75 |   130 |    18 ||   223
       Constrict         |    25 |    30 |     4 ||    59
       Tentacles         |    18 |    22 |     5 ||    45
 Cast: Sandblast         |    26 |    41 |    25 ||    92
       Stone Arrow       |       |     8 |     4 ||    12
  Use: Scroll            |       |     1 |     1 ||     2
 Stab: Sleeping          |     4 |    11 |     3 ||    18
  Eat: Chunk             |     3 |    10 |     4 ||    17
Armor: Skin              |     4 |    12 |     2 ||    18
Dodge: Dodged            |    66 |   104 |    10 ||   180
Block: Other             |       |     1 |       ||     1

Table legend:
 A = Non-vault XP
 B = Vault XP
 C = Vault XP percentage of total XP
 D = Non-vault monster count
 E = Vault monster count
 F = Vault count percentage of total count
                 A         B        C        D         E       F
            +---------+---------+-------+---------+---------+-------
      Total |    1049 |      14 |   1.3 |     117 |       3 |   2.5
            +---------+---------+-------+---------+---------+-------
        D:1 |      72 |       0 |   0.0 |      40 |       0 |   0.0
        D:2 |     112 |       4 |   3.4 |      27 |       1 |   3.6
        D:3 |      59 |      10 |  14.5 |      11 |       2 |  15.4
        D:4 |     317 |       0 |   0.0 |      25 |       0 |   0.0
        D:5 |     482 |       0 |   0.0 |      11 |       0 |   0.0
        D:6 |       7 |       0 |   0.0 |       3 |       0 |   0.0
            +---------+---------+-------+---------+---------+-------
